 Dungeon Crawl Stone Soup version 0.29-a0-338-g1ff7896281 (webtiles) character file.

Game seed: 8972687251001052009

953 sokol815 the Basher (level 8, 0/58 HPs)
             Began as a Human Fighter on Apr 17, 2022.
             Was an Initiate of Gozag.
             Succumbed to a kobold's poison
             ... on level 6 of the Dungeon.
             The game lasted 00:12:02 (5865 turns).

sokol815 the Basher (Human Fighter)                 Turns: 5865, Time: 00:12:02

Health: 0/58       AC: 15    Str: 17    XL:     8   Next: 36%
Magic:  8/8        EV: 10    Int: 11    God:    Gozag
Gold:   112        SH:  5    Dex: 12    Spells: 7/7 levels left

rFire   . . .      SeeInvis .   a - +0 flail (venom)
rCold   . . .      Faith    .   c - +1 buckler
rNeg    . . .      Spirit   .   e - +0 steam dragon scales
rPois   .          Reflect  .   (no helmet)
rElec   .          Harm     .   (no cloak)
rCorr   .          Rampage  .   (no gloves)
Will    .....                   u - +1 pair of boots
Stlth   +.........              (no amulet)
HPRegen 0.19/turn               A - +4 ring of protection
MPRegen 0.11/turn               t - +4 ring of protection

@: lethally poisoned (0 -> -4), gold aura
A: no striking features
a: Renounce Religion, Potion Petition, Call Merchant, Bribe Branch


You were on level 6 of the Dungeon.
You worshipped Gozag.
Gozag was aware of your devotion.
You visited 2 branches of the dungeon, and saw 9 of its levels.

You collected 255 gold pieces.
You paid 143 gold pieces to Gozag.

Inventory:

Hand Weapons
 a - a +0 flail of venom (weapon)
   (You took it off an orc on level 3 of the Dungeon)
 d - a +1 whip of venom
   (You took it off a kobold brigand on level 6 of the Dungeon)
 h - a +0 war axe
 p - a +2 whip
   (You took it off a kobold on level 1 of the Dungeon)
Missiles
 l - 10 poisoned darts
 m - 3 atropa-tipped darts
 n - 2 throwing nets {!d}
 o - 3 boomerangs
 s - 180 stones
Armour
 b - a +0 scale mail
 c - a +1 buckler (worn)
 e - +0 steam dragon scales (worn)
   (You found it on level 6 of the Dungeon)
 u - a +1 pair of boots (worn)
   (You found it on level 4 of the Dungeon)
Magical Staves
 v - a staff of poison {rPois}
   (You found it on level 3 of the Dungeon)
Jewellery
 f - a ring of fire {rF+, rC-}
   (You found it on level 4 of the Dungeon)
 k - a ring of magical power {MP+9}
   (You found it on level 2 of the Dungeon)
 r - a ring of flight {+Fly, !d}
   (You found it on level 1 of the Dungeon)
 t - a +4 ring of protection (right hand)
   (You found it on level 5 of the Dungeon)
 A - a +4 ring of protection (left hand)
   (You found it on level 3 of the Dungeon)
Wands
 i - a wand of iceblast (12)
   (You found it on level 6 of the Dungeon)
 q - a wand of flame (21)
   (You found it on level 8 of the Dungeon)
 y - a wand of mindburst (7)
   (You found it on level 4 of the Dungeon)
Scrolls
 j - a scroll of amnesia
 Y - a scroll of teleportation {@r3}
Potions
 B - a potion of brilliance
 U - 2 potions of mutation {!q}


   Skills:
 - Level 3.0 Fighting
 - Level 2.9(6.2) Axes
 * Level 8.8(9.0) Maces & Flails
 - Level 3.0 Armour
 - Level 3.0 Shields


You had 7 spell levels left.
You didn't know any spells.
Your spell library contained the following spells:

 Spells                   Type           Power      Damage    Failure   Level
 Ozocubu's Armour         Ice            0%         N/A       80%         3
 Ozocubu's Refrigeration  Ice            0%         4d5       100%        7


Dungeon Overview and Level Annotations

Branches:
Dungeon (8/15)             Temple (1/1) D:6            Lair (0/6) D:8

Altars:
Ashenzari
Elyvilon
Gozag
Hepliaklqana
Kikubaaqudgha
Makhleb
Nemelex Xobeh
Okawaru
Qazlal
Ru
Sif Muna
Trog
Uskayaw
Wu Jian
Xom
Yredelemnul
Zin

Shops:
D:1 (

Annotations:
D:4 1 runed translucent door, sammy202020's ghost, amateur DsBe
D:5 Ijyb


Message History

The gnoll sergeant barely misses you.
You take 5 damage, and have 34/58 hp.
You barely miss the hound. The hound bites you.
The black bear goes berserk!
The gnoll hits you but does no damage. x2
The gnoll sergeant hits you but does no damage.
You regained 5 hp, and now have 39/58 hp.
You're too confused to move!
You kill the gnoll!
The hound closely misses you. The black bear bites you!
The black bear barely misses you. x2; The hound bites you but does no damage.
The gnoll hits you but does no damage.
The gnoll sergeant hits you from afar with a +5 spear of freezing!
The gnoll sergeant freezes you.
You take 20 damage, and have 19/58 hp.
MASSIVE DAMAGE!!
You hit the black bear.
You kill the black bear!
You feel less invigorated.
You feel less confused. You block the hound's attack.
The gnoll hits you but does no damage. The gnoll sergeant misses you.
The kobold hits you but does no damage. The hound bites you.
You take 1 damage, and have 18/58 hp.
You sock the gnoll! The hound barely misses you.
The gnoll sergeant hits you from afar with a +5 spear of freezing.
* * * LOW HITPOINT WARNING * * *
The gnoll sergeant freezes you.
* * * LOW HITPOINT WARNING * * *
The gnoll hits you but does no damage.
You take 4 damage, and have 14/58 hp.
You hit the gnoll.
You kill the gnoll!
The hound is distracted by your dazzling golden aura.
The kobold closely misses you.
The gnoll sergeant hits you from afar with a +5 spear of freezing.
* * * LOW HITPOINT WARNING * * *
The gnoll sergeant freezes you.
* * * LOW HITPOINT WARNING * * *
You block the kobold's attack.
The hound barks!
You take 3 damage, and have 11/58 hp.
You feel better. You block the gnoll sergeant's attack.
The kobold hits you with a +0 short sword.
* * * LOW HITPOINT WARNING * * *
You regained 6 hp, and now have 17/58 hp.
The hound attacks as you move away! The hound bites you but does no damage.
The kobold attacks as you move away! The kobold hits you but does no damage.
Found a stone staircase leading down.
The gnoll sergeant barely misses you.
The kobold throws a poisoned dart.
You block the poisoned dart.
Things that are here:
6 gold pieces; a +0 club You hit the gnoll sergeant but do no damage.
The gnoll sergeant is poisoned.
The gnoll sergeant closely misses you.
You hit the gnoll sergeant.
The gnoll sergeant looks as sick as possible!
The kobold throws a poisoned dart.
The poisoned dart hits you!
You are poisoned.
The gnoll sergeant closely misses you.
You barely miss the gnoll sergeant.
You feel very sick.
The hound is no longer distracted by gold.
The kobold throws a poisoned dart.
The poisoned dart barely misses you.
The gnoll sergeant hits you with a +5 spear of freezing.
* * * LOW HITPOINT WARNING * * *
The gnoll sergeant freezes you.
* * * LOW HITPOINT WARNING * * *
You take 7 damage, and have 10/58 hp.
You hit the gnoll sergeant.
The gnoll sergeant looks as sick as possible!
You feel sick. The hound bites you but does no damage.
The gnoll sergeant barely misses you. The hound bites you.
* * * LOW HITPOINT WARNING * * *
You take 2 damage, and have 8/58 hp.
Okay, then.
Okay, then.
* * * LOW HITPOINT WARNING * * *
You feel sick. The gnoll sergeant closely misses you.
You take 2 damage, and have 6/58 hp.
You feel sick. You block the gnoll sergeant's attack.
The hound bites you but does no damage.
You take 1 damage, and have 5/58 hp.
The hound attacks as you move away! The hound barely misses you.
You feel sick.
You kill the gnoll sergeant!
The kobold throws a poisoned dart.
You block the poisoned dart.
You take 1 damage, and have 4/58 hp.
You feel sick.
The kobold throws a poisoned dart.
The poisoned dart hits you.
You are lethally poisoned!
The hound bites you but does no damage.
You take 1 damage, and have 3/58 hp.
The hound attacks as you move away! The hound closely misses you.
* * * LOW HITPOINT WARNING * * *
You feel sick.
You take 2 damage, and have 1/58 hp.
* * * LOW HITPOINT WARNING * * *
You feel sick. You block the hound's attack.
A steam dragon comes into view.
Found a stone staircase leading up.
You die...
Your body crumbles into a pile of gold.

#..........
..#...#...
.....###.
###$..# ##
##$.$..## #
###K$##...####
###...###...##..
#####...###
#^..##.#
#..@.h###
#...#..# #.#####
#...).#. ..
#####...###. #<
..........#> ..
#####.#.#.## D.
#......... .
#.......≈≈ $ .##
#.....≈≈≈≈
...###...≈≈≈≈≈≈


You could see a steam dragon (asleep), a hound and a kobold.

Vanquished Creatures
  A steam dragon (D:6)
  A black bear (D:6)
  An ice beast (D:7)
  An ogre (D:4)
  A kobold brigand (D:6)
  A gnoll sergeant (D:6)
  3 howler monkeys (D:7)
  2 hounds
  Jessica (D:3)
  2 iguanas (D:6)
  3 gnolls (D:6)
  6 adders
  A dart slug (D:3)
  12 orcs
  9 ball pythons
  6 endoplasms
  2 giant cockroaches
  5 goblins
  7 hobgoblins
  9 jackals
  5 quokkas
  4 bats
  A frilled lizard (D:2)
  7 kobolds
  A rat (D:1)
92 creatures vanquished.

Notes
Turn   | Place    | Note
-------+----------+-------------------------------------------
     0 | D:1      | sokol815 the Human Fighter began the quest for the Orb.
     0 | D:1      | Reached XP level 1. HP: 18/18 MP: 1/1
    38 | D:1      | Reached XP level 2. HP: 16/24 MP: 2/2
   157 | D:1      | Found Fant's Weapon Shop.
   678 | D:1      | Found a faded altar of an unknown god.
   779 | D:1      | Reached skill level 1 in Maces & Flails
  1065 | D:1      | Reached XP level 3. HP: 29/29 MP: 3/3
  1878 | D:2      | Reached skill level 2 in Maces & Flails
  2177 | D:2      | Reached XP level 4. HP: 35/35 MP: 4/4
  2438 | D:3      | Noticed Jessica
  2447 | D:3      | Reached skill level 3 in Maces & Flails
  2460 | D:3      | Killed Jessica
  2646 | D:3      | Reached XP level 5. HP: 38/41 MP: 5/5
  3088 | D:3      | Reached skill level 4 in Maces & Flails
  3390 | D:4      | Noticed an ogre
  3396 | D:4      | Killed an ogre
  3397 | D:4      | Reached skill level 5 in Maces & Flails
  3397 | D:4      | Reached XP level 6. HP: 47/47 MP: 6/6
  3734 | D:4      | Found a runed translucent door.
  3739 | D:4      | Noticed sammy202020's ghost (amateur DsBe)
  4507 | D:5      | Entered Level 5 of the Dungeon
  4507 | D:5      | Noticed Ijyb
  4817 | D:5      | You fall into a shaft and drop 3 floors!
  4817 | D:8      | Noticed an elephant
  4817 | D:8      | Noticed a black bear
  4817 | D:8      | Noticed a black bear
  4817 | D:8      | Noticed a yak
  4817 | D:8      | Found a staircase to the Lair.
  4898 | D:7      | Noticed an ice beast
  4899 | D:7      | Reached skill level 6 in Maces & Flails
  4915 | D:7      | Killed an ice beast
  4916 | D:7      | Reached XP level 7. HP: 51/52 MP: 7/7
  5097 | D:6      | Noticed a steam dragon
  5138 | D:6      | HP: 18/78 [poisoned by a kobold brigand]
  5142 | D:6      | Reached skill level 7 in Maces & Flails
  5143 | D:6      | HP: 11/78 [poisoned by a kobold brigand]
  5547 | D:6      | Found a staircase to the Ecumenical Temple.
  5559 | D:6      | Killed a steam dragon
  5560 | D:6      | Reached skill level 8 in Maces & Flails
  5560 | D:6      | Reached XP level 8. HP: 29/58 MP: 8/8
  5762 | Temple   | Entered the Ecumenical Temple
  5803 | Temple   | Became a worshipper of Gozag Ym Sagoz the Greedy
  5851 | D:6      | HP: 14/58 [gnoll sergeant/+5 spear of freezing (1)]
  5857 | D:6      | HP: 14/58 [poisoned by a kobold]
  5859 | D:6      | HP: 6/58 [poisoned by a kobold]
  5863 | D:6      | HP: 1/58 [poisoned by a kobold]
  5865 | D:6      | Succumbed to a kobold's poison

Illustrated notes

Levels and vault maps discovered:
D:1:      nicolae_arrival_memento_mori, layout_basic, serial_shops,
          nicolae_shop_stone, dilly_ecumenical_altar_fadedgnrine
D:2:      layout_rooms
D:3:      layout_basic, hangedman_decor_lopped, grunt_decor_mini_mirrors,
          due_unseen_surprise, uniq_jessica
D:4:      layout_basic, ebering_ghost_reflecting_pool, minmay_misc_feat_tower,
          minmay_misc_feat_iff
D:5:      layout_gridville, uniq_ijyb, uniq_eustachio
D:6:      layout_rooms, temple_pool_b, uniq_maggie
D:7:      layout_basic, tgw_fedhas
D:8:      layout_cave_pools, david_lair_generic
Temple:   dpeg_three_leaves_temple

Skill      XL: |  1  2  3  4  5  6  7 |
---------------+----------------------+-----
Maces & Flails | 1 2 3 5 6 8 |  8.8
Fighting       | |  3.0
Axes           | |  2.9
Armour         | |  3.0
Shields        | |  3.0

Action                   |  1- 3 |  4- 6 |  7- 9 || total
-------------------------+-------+-------+-------++-------
Melee: War axe           |    92 |    20 |       ||   112
       Whip              |     1 |   200 |    42 ||   243
       Flail             |       |       |    25 ||    25
Throw: Stone             |    54 |    72 |     1 ||   127
Evoke: Wand              |       |     1 |     5 ||     6
  Use: Scroll            |       |    11 |     4 ||    15
       Potion            |       |     2 |     3 ||     5
Armor: Scale mail        |    68 |    77 |     3 ||   148
       Skin              |       |    18 |    15 ||    33
       Steam dragon scal |       |       |    33 ||    33
Dodge: Dodged            |    49 |    79 |    33 ||   161
Block: Buckler           |    17 |    39 |    21 ||    77

Table legend: (Time is in decaauts)
 A = Elapsed time spent in this place.
 B = Non-inter-level travel time spent in this place.
 C = Inter-level travel time spent in this place.
 D = Time resting spent in this place.
 E = Time spent auto-exploring this place.
 F = Levels seen in this place.
 G = Mean time per level.
                   A        B        C        D        E       F      G
               +--------+--------+--------+--------+--------+-----+--------+
         Total |   5892 |   5753 |    139 |   1291 |   3442 |   9 |  654.7 |
       Dungeon |   5838 |   5724 |    114 |   1291 |   3419 |   8 |  729.8 |
        Temple |     54 |     29 |     25 |      0 |     23 |   1 |   54.0 |
               +--------+--------+--------+--------+--------+-----+--------+

Top non-repeatable levels by time:
     D:1: 1533 daAuts
     D:4: 1380 daAuts
     D:3: 1184 daAuts
     D:2: 719 daAuts
     D:6: 710 daAuts
     D:7: 221 daAuts
  Temple: 54 daAuts
     D:8: 48 daAuts
     D:5: 39 daAuts

Table legend:
 A = Kills in this place as a percentage of kills in entire the game.
 B = Kills by you in this place as a percentage of kills by you in the entire game.
 C = Kills by friends in this place as a percentage of kills by friends in the entire game.
 D = Other kills in this place as a percentage of other kills in the entire game.
 E = Experience gained in this place as a percentage of experience gained in the entire game.
 F = Experience gained in this place divided by the number of levels of this place that you have seen.
                   A       B       C       D       E      F
               +-------+-------+-------+-------+-------+----------------------
         Total | 100.0 | 100.0 |   N/A |   N/A | 100.0 | 151.3
       Dungeon | 100.0 | 100.0 |   N/A |   N/A | 100.0 | 170.2
               +-------+-------+-------+-------+-------+----------------------
